 Dungeon Crawl Stone Soup version 0.21-a0-538-gd16b88a (webtiles) character file.

1157 slep the Chopper (level 8, -1/60 HPs)
             Began as a Demonspawn Gladiator on Dec 16, 2017.
             Slain by a bullfrog (5 damage)
             ... on level 6 of the Dungeon.
             The game lasted 00:16:24 (4137 turns).

slep the Chopper (Demonspawn Gladiator)             Turns: 4137, Time: 00:16:25

Health: -1/60      AC:  4    Str: 16    XL:     8   Next: 16%
Magic:  8/8        EV: 14    Int:  9    God:
Gold:   220        SH:  0    Dex: 16    Spells: 7/7 levels left

rFire    . . .     SeeInvis .   a - +0 war axe
rCold    . . .     Gourm    .   (no shield)
rNeg     . . .     Faith    .   b - +0 leather armour
rPois    .         Spirit   .   c - +0 helmet
rElec    .         Reflect  .   (no cloak)
rCorr    .         Harm     .   (no gloves)
MR       .....                  (no boots)
Stlth    ++........             (no amulet)
HPRegen  0.20/turn              (no ring)
MPRegen  0.11/turn              (no ring)

@: no status effects
A: talons 1, demonic guardian 1, powered by pain 2
a: no special abilities


You were on level 6 of the Dungeon.
You were not hungry.

You visited 1 branch of the dungeon, and saw 6 of its levels.
You also visited: Sewer.

You collected 220 gold pieces.

Inventory:

Hand Weapons
 a - a +0 war axe (weapon)
Missiles
 d - 3 throwing nets (quivered)
 v - 5 tomahawks
Armour
 b - a +0 leather armour (worn)
 c - a +0 helmet (worn)
Jewellery
 z - an uncursed ring of see invisible {unknown}
Wands
 q - a wand of iceblast (15)
Scrolls
 h - 2 scrolls of identify {unknown}
 i - 2 scrolls of immolation {unknown}
 k - a scroll of enchant weapon {unknown}
 l - a scroll of amnesia {unknown}
 m - 5 scrolls of teleportation {unknown}
 o - 2 scrolls of fog {unknown}
 u - a scroll of noise {unknown}
 x - 3 scrolls of remove curse {unknown}
Potions
 e - 7 potions of degeneration {unknown}
 j - 3 potions of heal wounds {unknown}
 p - 3 potions of curing {unknown}
 r - 2 potions of flight {unknown}
 s - 2 potions of agility {unknown}
 t - a potion of invisibility {unknown}
 w - a potion of mutation {unknown}
 A - a potion of berserk rage {unknown}
Books
 y - a book of Cantrips

   Spells                             Type                      Level
   a - Confusing Touch                Hexes                        1
   b - Animate Skeleton               Necromancy                   1
   c - Summon Small Mammal            Summoning                    1
   d - Apportation                    Translocation                1
Comestibles
 f - 4 bread rations
 g - 5 royal jellies
 n - 2 meat rations
 B - 2 chunks of flesh


   Skills:
 + Level 4.2 Fighting
 + Level 6.9 Axes
 + Level 1.9 Throwing
 + Level 2.8 Armour
 + Level 4.4 Dodging
 + Level 1.3 Stealth


You had 7 spell levels left.
You didn't know any spells.

Dungeon Overview and Level Annotations

Branches:
Dungeon (6/15)
 Temple: D:4-7

Altars:
Dithmenos
Fedhas
Nemelex Xobeh
Trog
Wu Jian
Yredelemnul
The Shining One

Shops:
D:4 [   D:6 [


Innate Abilities, Weirdness & Mutations

You have sharp toenails.
A weak demonic guardian rushes to your aid.
You sometimes gain power by taking damage.


Message History

The magic dart hits you!
* * * LOW HITPOINT WARNING * * *
Your ufetubus hits the orc wizard.
Your ufetubus closely misses the orc wizard.
The orc wizard closely misses your ufetubus.
The orc wizard misses your ufetubus.
Your ufetubus closely misses the orc wizard.
Your ufetubus hits the orc wizard.
The orc wizard dies!
You swap places.
Things that are here:
a mace; a leather armour; a flail of holy wrath A bullfrog comes into view.
Items here: ))) ? [[[ ††
Okay, then.
You see here a royal jelly.
You closely miss the bullfrog.
Your ufetubus disappears in a puff of smoke!
The bullfrog closely misses you. The bullfrog hits you.
You die...

#.#. #.#.
#.#.## #....##
##.....##
..#.......####
#......F.))..#
#....@§%##.#
##..5..###.#
#....## #.#
#...#.## #.#
#.###. #∩# #
.. ###.# [..
#...# .###
#.### #<#


You could see a bullfrog and a friendly shadow imp.

Vanquished Creatures
  The ghost of blurbie the Stinger, an amateur FoWn of Ru (D:4)
  Purgy (Sewer)
  A phantom (D:4)
  3 crimson imps
  A centaur zombie (D:3)
  2 hounds (D:4)
  2 orc priests (D:6)
  A worker ant (D:5)
  A hound zombie (D:5)
  A hound skeleton (D:5)
  A worker ant zombie (D:5)
  8 adders
  A shadow imp (D:5)
  An ooze (D:3)
  6 worms
  3 dart slugs
  3 leopard geckos
  10 orcs
  8 giant cockroaches
  9 goblins
  9 hobgoblins
  20 jackals
  8 kobolds
  A quokka (D:2)
  4 ball pythons
  6 bats
  5 frilled lizards
  2 gnoll zombies (D:5)
  A goblin skeleton (D:4)
  5 hobgoblin zombies (D:4)
  A jackal zombie (D:5)
  4 kobold skeletons (D:4)
  2 leopard gecko skeletons (D:4)
  2 orc zombies (D:4)
  A quokka skeleton (D:5)
  10 rats
145 creatures vanquished.

Vanquished Creatures (collateral kills)
  Eustachio (D:5)
  Edmund (D:4)
  An ogre (D:5)
  An orc wizard (D:6)
4 creatures vanquished.

Grand Total: 149 creatures vanquished

Notes
Turn   | Place    | Note
-------+----------+-------------------------------------------
     0 | D:1      | slep the Demonspawn Gladiator began the quest for the Orb.
     0 | D:1      | Reached XP level 1. HP: 16/16 MP: 1/1
   141 | D:1      | Gained mutation: You sometimes gain a little power by taking damage. [demonic ancestry]
   141 | D:1      | Reached XP level 2. HP: 18/22 MP: 2/2
   224 | D:1      | Reached skill level 3 in Axes
   307 | D:1      | Reached XP level 3. HP: 19/28 MP: 3/3
   613 | D:2      | Found an ornate altar of the Wu Jian Council.
   804 | D:2      | HP: 1/28 [adder (2)]
  1083 | D:2      | Found a shadowy altar of Dithmenos.
  1171 | D:2      | Reached XP level 4. HP: 28/34 MP: 4/4
  1557 | D:3      | Found a glowing drain.
  1724 | Sewer    | Entered a sewer
  1782 | Sewer    | Noticed Purgy
  1800 | Sewer    | Killed Purgy
  1800 | Sewer    | Reached skill level 4 in Axes
  1800 | Sewer    | Reached skill level 1 in Armour
  1800 | Sewer    | Reached XP level 5. HP: 5/41 MP: 5/5
  1965 | D:3      | Found a sparkling altar of Nemelex Xobeh.
  2039 | D:3      | Gained mutation: You sometimes gain power by taking damage. [demonic ancestry]
  2039 | D:3      | Reached XP level 6. HP: 29/47 MP: 6/6
  2323 | D:3      | Found a faded altar of an unknown god.
  2530 | D:3      | Found a blossoming altar of Fedhas.
  2735 | D:4      | Noticed blurbie's ghost (amateur FoWn)
  2744 | D:4      | Killed blurbie's ghost
  2744 | D:4      | Reached skill level 5 in Axes
  2808 | D:4      | Found a glowing golden altar of the Shining One.
  2916 | D:4      | Gained mutation: A weak demonic guardian rushes to your aid. [demonic ancestry]
  2916 | D:4      | Reached XP level 7. HP: 32/52 MP: 7/7
  3054 | D:4      | Found Eqeinen's Antique Armour Boutique.
  3155 | D:4      | Noticed Edmund
  3165 | D:4      | Killed Edmund
  3165 | D:4      | Reached skill level 6 in Axes
  3165 | D:4      | Reached skill level 1 in Stealth
  3523 | D:5      | Entered Level 5 of the Dungeon
  3667 | D:5      | Found a bloodstained altar of Trog.
  3855 | D:5      | Noticed Eustachio
  3864 | D:5      | Killed Eustachio
  3864 | D:5      | Gained mutation: You have sharp toenails. [demonic ancestry]
  3864 | D:5      | Reached XP level 8. HP: 40/60 MP: 8/8
  3946 | D:5      | Found a basalt altar of Yredelemnul.
  4098 | D:6      | Found Oteafipn's Antique Armour Boutique.
  4127 | D:6      | HP: 2/60 [orc wizard/magic dart (9)]
  4137 | D:6      | Slain by a bullfrog

Vault maps used:
D:1:      matt_arrival_spirals
D:2:      nicolae_dithmenos_shadow_blocks, old_standard_altar, first_bread
D:3:      lemuel_crystal_altar, fedhas_altar_4,
          chequers_ecumenical_altar_simple_redux, cheibrodos_sewer_entry_bend,
          st_stairs_2
D:4:      serial_shops, nicolae_shop_behind_doors, nicolae_tso_besieged_by_evil,
          uniq_edmund
D:5:      lemuel_zombie_altar_yredelemnul, basic_altar,
          kennysheep_generic_room_12, uniq_eustachio
D:6:      cheibriados_altar_1, lemuel_coloured_pillars_altar, temple_fountains,
          serial_shops, shop, uniq_menkaure, uniq_sigmund, uniq_duvessa
Sewer:    sewer_the_crocodile

Skill      XL: |  1  2  3  4  5  6  7 |
---------------+----------------------+-----
Dodging        | 3 4 |  4.4
Axes           | 3 4 5 6 |  6.9
Fighting       | 3 4 |  4.2
Armour         | 1 2 |  2.8
Stealth        | 1 |  1.3
Throwing       | |  1.9

Action                   |  1- 3 |  4- 6 |  7- 9 || total
-------------------------+-------+-------+-------++-------
Melee: War axe           |   116 |   170 |   109 ||   395
       Kick              |       |       |    11 ||    11
Throw: Throwing net      |       |     1 |       ||     1
 Stab: Sleeping          |     1 |     2 |     1 ||     4
       Distracted        |       |       |     1 ||     1
  Eat: Chunk             |     1 |     5 |     5 ||    11
Armor: Leather armour    |    54 |    43 |    17 ||   114
Dodge: Dodged            |   104 |   146 |    94 ||   344

Table legend:
 A = Spawn XP
 B = Non-spawn XP
 C = Spawn XP percentage of total XP
 D = Spawn monster count
 E = Non-spawn monster count
 F = Spawn count percentage of total count
 G = Total turns spent on level
                    A         B        C        D         E        F      G
               +---------+---------+-------+---------+---------+-------+---------
         Total |       0 |    1653 |   0.0 |       0 |     149 |   0.0 |  4137
               +---------+---------+-------+---------+---------+-------+---------
           D:1 |       0 |      45 |   0.0 |       0 |      25 |   0.0 |   598
           D:2 |       0 |      73 |   0.0 |       0 |      27 |   0.0 |   885
           D:3 |       0 |     162 |   0.0 |       0 |      33 |   0.0 |  1053
           D:4 |       0 |     574 |   0.0 |       0 |      27 |   0.0 |   832
           D:5 |       0 |     463 |   0.0 |       0 |      24 |   0.0 |   575
           D:6 |       0 |     185 |   0.0 |       0 |       7 |   0.0 |    39
         Sewer |       0 |     151 |   0.0 |       0 |       6 |   0.0 |   155
               +---------+---------+-------+---------+---------+-------+---------
